 Dungeon Crawl Stone Soup version 0.26.1-10-gdfb7c7de75 (webtiles) character file.

Game seed: 17857518521020109862

49 raph the Sneak (level 3, -3/14 HPs)
             Began as a Felid Air Elementalist on Apr 8, 2021.
             Slain by a worm (9 damage)
             ... on level 1 of the Dungeon.
             The game lasted 00:03:31 (2412 turns).

raph the Sneak (Felid Air Elementalist)             Turns: 2412, Time: 00:03:32

Health: -3/14      AC:  1    Str:  5    XL:     3   Next: 51%
Magic:  0/7        EV: 19    Int: 16    God:
Gold:   67         SH:  0    Dex: 22    Spells: 0/6 levels left
                                        Lives:  0   Deaths: 0

rFire    . . .     SeeInvis +   (weapon unavailable)
rCold    . . .     Faith    .   (shield unavailable)
rNeg     . . .     Spirit   .   (armour unavailable)
rPois    .         Reflect  .   (helmet unavailable)
rElec    .         Harm     .   (cloak unavailable)
rCorr    .         Rampage  .   (gloves unavailable)
Will     .....                  (boots unavailable)
Stlth    +++.......             (no amulet)
HPRegen  0.04/turn              g - +6 ring of dexterity
MPRegen  0.10/turn              (no ring)

@: quick
A: very small, no armour, no weapons or thrown items, stealth, claws 1, fangs 3,
see invisible, speed 1, shaggy fur 1, sharp paws
a: no special abilities


You were on level 1 of the Dungeon.
You visited 1 branch of the dungeon, and saw 2 of its levels.

You collected 67 gold pieces.

Inventory:

Jewellery
 g - a +6 ring of dexterity (left paw)
Scrolls
 a - a scroll of random uselessness {unknown}
 c - a scroll of remove curse {unknown}
 f - a scroll of identify {unknown}
 h - a scroll of noise {unknown}
Potions
 b - a potion of attraction {unknown}
 d - 3 potions of might {unknown}
 e - 2 potions of curing {unknown}


   Skills:
 + Level 3.2 Dodging
 + Level 3.3 Stealth
 + Level 2.3 Spellcasting
 + Level 1.5 Conjurations
 * Level 3.2 Air Magic


You couldn't memorise any spells.
You knew the following spells:

 Your Spells              Type           Power        Failure   Level
a - Shock                 Conj/Air       36%          8%          1
b - Swiftness             Air            12%          9%          2
c - Static Discharge      Conj/Air       9%           22%         3

Your spell library contained the following spells:

 Spells                   Type           Power        Failure   Level
 Airstrike                Air            6%           47%         4
 Lightning Bolt           Conj/Air       4%           91%         5


Dungeon Overview and Level Annotations

Branches:
Dungeon (2/15)

Altars:


Innate Abilities, Weirdness & Mutations

You cannot wear armour.
You are incapable of wielding weapons or throwing items.
Your paws allow you to move quietly. (Stealth)
You have sharp claws.
You have razor-sharp teeth.
You have supernaturally acute eyesight. (SInv)
You cover ground quickly.
You are covered in fur. (AC +1)
Your sharp claws are effective at attacking unaware monsters.


Message History

Aiming: Shock (safe; 8% risk of failure)
Press: ? - help, Q - select action, (/) - cycle Shift-Dir - straight line, f - worm
Aim: a worm (severely wounded, 11% to evade)
The zap hits the worm.
The worm is almost dead.
Unknown command.
You scratch the worm.
The worm is severely wounded.
The worm misses you.
Aiming: Shock (safe; 8% risk of failure)
Press: ? - help, Q - select action, (/) - cycle Shift-Dir - straight line, f/p - worm
Aim: a worm (severely wounded, 11% to evade)
The zap hits the worm.
The worm is almost dead.
Unknown command.
You scratch the worm but do no damage. You bite the worm.
The worm is almost dead.
The worm bites you!
Ouch! That really hurt!
You die...

##.##...........#
##...#.########### #####
#......#####
....#####.........# ###...#
##..#.###.# # #.#.####..#>#
#.# ###...........# #.#
....#.####..#####w# #####.#
#......@.# #####.#
#.######## ......# #.#
##########.# #.....#.#
############ #.###.#.#
##..........#
####.###.#.#####.....#####.#
#....................#####.#
#.##.###...(.###........##.#


You could see a worm.

Vanquished Creatures
  2 adders (D:2)
  An ooze (D:1)
  A dart slug (D:1)
  2 leopard geckos
  2 giant cockroaches (D:1)
  A hobgoblin (D:2)
  5 jackals (D:1)
  A quokka (D:2)
  3 bats (D:1)
  A frilled lizard (D:1)
  5 rats (D:1)
24 creatures vanquished.

Vanquished Creatures (others)
  A plant (D:2)
1 creature vanquished.

Grand Total: 25 creatures vanquished

Notes
Turn   | Place    | Note
-------+----------+-------------------------------------------
     0 | D:1      | raph the Felid Air Elementalist began the quest for the
                  | Orb.
     0 | D:1      | Reached XP level 1. HP: 7/7 MP: 4/4
   628 | D:1      | Reached skill level 1 in Conjurations
   749 | D:1      | Reached XP level 2. HP: 11/11 MP: 3/6
  1314 | D:1      | Learned a level 2 spell: Swiftness
  2132 | D:2      | Reached XP level 3. HP: 14/14 MP: 5/7
  2358 | D:1      | Learned a level 3 spell: Static Discharge
  2412 | D:1      | Slain by a worm

Illustrated notes

Levels and vault maps discovered:
D:1:      dpeg_arrival_prison, layout_loops_corners
D:2:      layout_rooms, nicolae_gozag_cash_rules_everything_around_me,
          lemuel_doored_altar, yredelemnul_altar_generic, serial_forest,
          infiniplex_forest_end_1, infiniplex_forest_diagonal,
          infiniplex_forest_corner_1, infiniplex_forest_zigzag_2,
          infiniplex_forest_lined_1, infiniplex_forest_lined_3_way,
          infiniplex_forest_straight_4

Skill      XL: |  1  2 |
---------------+-------+-----
Conjurations   | 1 |  1.5
Stealth        | 3 |  3.3
Dodging        | 3 |  3.2
Air Magic      | 3 |  3.2
Spellcasting   | |  2.3

Action                   || total
-------------------------++-------
Melee: Unarmed           ||    45
       Bite              ||     5
 Cast: Shock             ||    52
Armor: Skin              ||     3
Dodge: Dodged            ||    46
